[Event "Early-Titled-Tuesday-Blitz-April-02-2024"]
[Site "Chess.com"]
[Date "2024.04.02"]
[Round "5"]
[White "HanSchut"]
[Black "toninhojit"]
[Result "0-1"]
[WhiteElo "2257"]
[BlackElo "2497"]
[TimeControl "180+1"]
[EndTime "8:55:49 PDT"]
[Termination "toninhojit won by resignation"]

1. e4 g6 2. d4 Bg7 3. Nc3 d6 4.
f4 Nf6 5. Nf3 O-O 6. Bd3 c5 7.
dxc5 dxc5 8. e5 Nd5 9. Nxd5 Qxd5 10. Qe2 Bf5 11. Bxf5 gxf5 12. Be3 b6 13. c3 Nc6 14.
O-O h6 15. Qc2 e6 16. Rfd1 Qc4 17. b3 Qa6 18. Rd6 Qb7 19. Rad1 Rfd8 20. Qf2 Bf8 21. R6d2 Rxd2 22. Rxd2 Rd8 23. Rxd8 Nxd8 24. Qh4 Qe7 25. Qh3 Qd7 26. g4 Qd1+ 27. Kf2 Qc2+ 28. Bd2 c4 29.
gxf5 cxb3 30. axb3 exf5 31. b4 Ne6 32. Qg3+ Kh7 33.
Ke1 Qe4+ 34. Kd1 a5 35. bxa5 bxa5 36. Qh3 Be7 37. Qh5 Kg7 38. Qh3 a4 39. Qg2+ Kh7 40. Qh3 a3 41. Ng5+ Nxg5 42. fxg5 Qg4+ 43. Qxg4 fxg4 44.
Kc2 h5 45. Kb3 h4 46. Bf4 Kg6 47. c4 Kf5 48. e6 Kxf4 49. exf7 Kxg5 50. c5 Bxc5 51.
f8=Q Bxf8 0-1

[Event "Early-Titled-Tuesday-Blitz-April-02-2024"]
[Site "Chess.com"]
[Date "2024.04.02"]
[Round "5"]
[White "vovachesss"]
[Black "XDPS"]
[Result "1/2-1/2"]
[WhiteElo "2826"]
[BlackElo "2926"]
[TimeControl "180+1"]
[EndTime "8:55:50 PDT"]
[Termination "Game drawn by stalemate"]

1. e4 c5 2. Nf3 e6 3. g3 Nc6 4.
Bg2 Nf6 5. Qe2 e5 6. O-O Be7 7. c3 O-O 8. d4 exd4 9. cxd4 cxd4 10. Rd1 Bc5 11. e5 Ne8 12. Nbd2 d6 13. Nb3 Bb6 14. Nbxd4 Nxd4 15. Nxd4 dxe5 16. Ne6 Bxe6 17. Rxd8 Rxd8 18. Bxb7 Nd6 19. Ba6 Nf5 20. Be3 Nxe3 21. fxe3 e4 22. b4 h5 23. a4 Bg4 24. Qf2 Rd6 25. a5 Bd8 26. Bc4 Bf6 27. Rf1 Rfd8 28. Qf4 Bf3 29. Rxf3 exf3 30. Qxf3 Rd1+ 31. Kg2 R1d2+ 32. Kh3 Rc2 33. Bd5 g5 34. Qxf6 Rxd5 35. g4 h4 36. b5 Re2 37. b6 Rxe3+ 38. Kg2 axb6 39. axb6 Re6 40. Qf3 Rd2+ 41. Kh3 Rxb6 42. Qxf7+ Kxf7 1/2-1/2

[Event "Early-Titled-Tuesday-Blitz-April-02-2024"]
[Site "Chess.com"]
[Date "2024.04.02"]
[Round "5"]
[White "MetiForce"]
[Black "MITerryble"]
[Result "0-1"]
[WhiteElo "2883"]
[BlackElo "3000"]
[TimeControl "180+1"]
[EndTime "8:55:51 PDT"]
[Termination "MITerryble won by resignation"]

1. d4 d5 2. c4 dxc4 3. Nf3 Nf6 4. e3 e6 5. Bxc4 a6 6. Bd3 c5 7. O-O Nc6 8. Nc3 Be7 9. Qe2 O-O 10. dxc5 Bxc5 11.
a3 Bd6 12. b4 Ne5 13. Rd1 Qc7 14. Bb2 Nxf3+ 15. Qxf3 Bxh2+ 16. Kh1 Be5 17. Rac1 Qe7 18. Rc2 Rb8 19. Na4 Bxb2 20. Rxb2 Bd7 21. Nc5 Bc6 22. Qh3 Rfd8 23. Rbd2 h6 24. Qh4 Rd5 25. Be2 Rxd2 26. Rxd2 Rd8 27. Rxd8+ Qxd8 28. Bf3 Bxf3 29. gxf3 Qd5 30. Kg2 a5 31. Qg3 axb4 32. axb4 Nd7 33. Ne4 Qe5 34. Qh4 Nf6 35. Nxf6+ Qxf6 36. Qc4 Qg5+ 37. Kf1 b5 38. Qc6 Qf5 39. Kg2 Kh7 40. Qd7 Kg6 41. Qc6 h5 42. f4 Qd5+ 43. Qxd5 exd5 44.
Kf3 Kf5 45. Kg3 f6 46. f3 g5 47. fxg5 fxg5 48. Kh3 g4+ 49. Kg3 gxf3 0-1

[Event "Early-Titled-Tuesday-Blitz-April-02-2024"]
[Site "Chess.com"]
[Date "2024.04.02"]
[Round "5"]
[White "ViIIagra"]
[Black "Korchmar_Vasiliy"]
[Result "1-0"]
[WhiteElo "2907"]
[BlackElo "2733"]
[TimeControl "180+1"]
[EndTime "8:55:51 PDT"]
[Termination "ViIIagra won on time"]

1. g3 d5 2. Bg2 g6 3. c4 c6 4. Qa4 dxc4 5. Qxc4 Bg7 6. Nf3 Nh6 7. O-O Nf5 8. Rd1 O-O 9. d4 Nd6 10. Qa4 a5 11. Nc3 Na6 12. a3 Bf5 13. Ne5 Qb6 14.
e4 Be6 15. Be3 Qxb2 16. d5 Bxe5 17. Rab1 Qxc3 18. Rdc1 b5 19. Qd1 Qxa3 20. dxe6 fxe6 21. Bh3 Rf6 22. Rxc6 Nb4 23. Rc7 Qd3 24. Qxd3 Nxd3 25.
Rxe7 Re8 26. Rxe8+ Nxe8 27. Rxb5 Bd6 28. Bf1 Nb4 29. e5 Bxe5 30. Rxe5 Nd6 31. Rxa5 Nf5 32. Ra8+ Kg7 33. Bf4 Rf7 34. Bg2 Nd5 35. Be5+ Kh6 36. f4 g5 37. Ra6 gxf4 38. Bxd5 fxg3 39. Bxe6 gxh2+ 40. Kxh2 1-0

[Event "Early-Titled-Tuesday-Blitz-April-02-2024"]
[Site "Chess.com"]
[Date "2024.04.02"]
[Round "5"]
[White "GMthekingindian"]
[Black "LiadCuba"]
[Result "1-0"]
[WhiteElo "2236"]
[BlackElo "2539"]
[TimeControl "180+1"]
[EndTime "8:55:51 PDT"]
[Termination "GMthekingindian won on time"]

1. e4 c5 2. Nf3 d6 3. c3 Nf6 4. Be2 Nbd7 5. d3 e6 6. O-O Be7 7. Re1 O-O 8. h3 b5 9. a4 bxa4 10. Qxa4 Bb7 11. Bf4 Qc7 12. Na3 Bc6 13. Qc2 Rfb8 14.
Nc4 e5 15. Bh2 a5 16. Bf1 a4 17. d4 cxd4 18. cxd4 Rc8 19. dxe5 dxe5 20. Ncxe5 Nxe5 21. Nxe5 Qb7 22. Bc4 Bxe4 23. Bxf7+ Kh8 24. Bc4 Rf8 25. Qe2 Bxg2 26. Nf7+ Rxf7 27. Bxf7 Bxh3 28. f3 Bc5+ 29. Kh1 Qxf7 30. Be5 Bf5 31. Qh2 Nh5 32. Rac1 Be3 33. Rc4 Bh6 34. Rh4 Bg6 35. f4 Rg8 36. Rg1 Qd5+ 37. Qg2 Qxg2+ 38. Kxg2 Rf8 39. Kh2 Nxf4 40.
Rxh6 1-0

[Event "Early-Titled-Tuesday-Blitz-April-02-2024"]
[Site "Chess.com"]
[Date "2024.04.02"]
[Round "5"]
[White "javirec"]
[Black "LLariMarc"]
[Result "1-0"]
[WhiteElo "2283"]
[BlackElo "2408"]
[TimeControl "180+1"]
[EndTime "8:55:51 PDT"]
[Termination "javirec won by checkmate"]

1. e4 e6 2. d4 d5 3. Nc3 Bb4 4. e5 c5 5. Qg4 Ne7 6. dxc5 Bxc3+ 7. bxc3 O-O 8. Bd3 Nbc6 9. Nf3 Ng6 10. Qh5 Qa5 11. Bd2 Qxc5 12. O-O Nce7 13. Nd4 b6 14. a4 Nc6 15. Be3 Nxd4 16. cxd4 Qa5 17. f4 Ba6 18. f5 Bxd3 19. cxd3 exf5 20. Rxf5 Qc3 21. Raf1 Qxd3 22. R5f3 Qc2 23. Rh3 Nh8 24. Rf5 h6 25. Bxh6 g6 26. Qh4 gxf5 27. Qf6 Qd1+ 28. Kf2 Qxd4+ 29. Re3 Qd2+ 30. Kf1 Qd1+ 31. Kf2 Qc2+ 32.
Kf3 Qd1+ 33. Kf2 Qg4 34. Rg3 Kh7 35. Rxg4 Rg8 36. Rg7+ Rxg7 37. Qxg7# 1-0

[Event "Early-Titled-Tuesday-Blitz-April-02-2024"]
[Site "Chess.com"]
[Date "2024.04.02"]
[Round "5"]
[White "zurzan"]
[Black "Englishman_18"]
[Result "0-1"]
[WhiteElo "2061"]
[BlackElo "2278"]
[TimeControl "180+1"]
[EndTime "8:55:51 PDT"]
[Termination "Englishman_18 won by resignation"]

1. c4 Nf6 2. g3 g6 3. Bg2 d5 4. Nc3 dxc4 5. Nf3 Bg7 6. O-O O-O 7. Qa4 a6 8. Qxc4 b5 9. Qb3 Bb7 10. a4 c6 11. axb5 cxb5 12. d3 Nbd7 13. e4 Nc5 14. Qa3 Qc8 15. d4 Ncxe4 16. Nxe4 Bxe4 17. Qxe7 Re8 18. Qc5 Qb7 19. Nh4 Rac8 20. Qa3 Bxg2 21. Nxg2 Rc6 22. Ne3 Rd8 23. Qb4 Ne4 24. Rd1 Rcd6 25. d5 Nf6 26. Qa5 Nxd5 27. Nxd5 Rxd5 28. Rxd5 Rxd5 29.
Bf4 Bxb2 30. Qxa6 Rd1+ 31. Rxd1 Qxa6 32. Rd8+ Kg7 33. h4 h5 34. g4 hxg4 35. Bd6 Bf6 36. Bf8+ Kh7 37. Re8 Qa1+ 38. Kg2 Qd4 39. Rb8 Qd5+ 40. Kg1 Bd4 41. Bb4 Qf3 42. Be1 Qe2 0-1

[Event "Early-Titled-Tuesday-Blitz-April-02-2024"]
[Site "Chess.com"]
[Date "2024.04.02"]
[Round "5"]
[White "chito89"]
[Black "sonicdravise"]
[Result "1-0"]
[WhiteElo "2813"]
[BlackElo "2618"]
[TimeControl "180+1"]
[EndTime "8:55:52 PDT"]
[Termination "chito89 won by checkmate"]

1. b3 d5 2. Bb2 c6 3. e3 Nf6 4. h3 h6 5. d3 Bf5 6. g4 Bh7 7.
Nf3 e6 8. Rg1 Nbd7 9. g5 hxg5 10. Nxg5 Bg6 11. Nxe6 fxe6 12. Rxg6 Qc7 13. Nd2 Ne5 14. Rg1 Bb4 15. a3 Bxd2+ 16. Kxd2 O-O-O 17. f4 Ned7 18. Rxg7 Qd6 19. Qf3 Rhg8 20. Rxg8 Rxg8 21. Be2 Ne4+ 22. Kc1 Rg1+ 23. Bd1 Rg3 24. Qh5 Nf2 25. Bc3 Rxh3 26. Qe8+ Kc7 27. Kb2 Rh2 28. Be2 Ne4 29. dxe4 Rxe2 30. e5 Qc5 31. Qxe6 Qxe3 32. Bb4 Qd4+ 33.
Bc3 Qd3 34. Rc1 Nc5 35. Qd6+ Kb6 36. Qd8+ Ka6 37. Qa5# 1-0

[Event "Early-Titled-Tuesday-Blitz-April-02-2024"]
[Site "Chess.com"]
[Date "2024.04.02"]
[Round "5"]
[White "MyDream003"]
[Black "Durarbayli"]
[Result "1-0"]
[WhiteElo "2838"]
[BlackElo "2934"]
[TimeControl "180+1"]
[EndTime "8:55:53 PDT"]
[Termination "MyDream003 won on time"]

1. e4 c5 2. Nf3 d6 3. d4 cxd4 4. Nxd4 Nf6 5. Nc3 Nc6 6. Bg5 Qb6 7. Nb3 e6 8. Qd2 a6 9. O-O-O Be7 10. f3 O-O 11. g4 Rd8 12. Be3 Qc7 13. g5 Nd7 14. h4 b5 15. g6 fxg6 16. h5 gxh5 17. Rxh5 Nf8 18. a3 Bf6 19. Bg5 Qf7 20. Bxf6 Qxf6 21.
f4 Ra7 22. Bd3 Rf7 23. Ne2 Ng6 24. Rf1 Nce5 25. Kb1 Nxd3 26. cxd3 Rdf8 27. Qe3 h6 28. Nd2 Ne7 29. Rg1 Nc6 30. Nf3 Qe7 31. Rxh6 Rf6 32. Rh5 d5 33. Rgh1 Kf7 34. e5 Rg6 35. Ng5+ Ke8 36.
Rc1 Bb7 37. Qb6 Qd7 38. Nd4 Nxd4 39. Qxd4 Ke7 40. Rh7 Rc8 41. Qb4+ 1-0

[Event "Early-Titled-Tuesday-Blitz-April-02-2024"]
[Site "Chess.com"]
[Date "2024.04.02"]
[Round "5"]
[White "Fy_Rakotomaharo"]
[Black "Chessexplained"]
[Result "1/2-1/2"]
[WhiteElo "2693"]
[BlackElo "2558"]
[TimeControl "180+1"]
[EndTime "8:55:53 PDT"]
[Termination "Game drawn by repetition"]

1. e4 c5 2. Nf3 a6 3. c3 d5 4. exd5 Qxd5 5. d4 e6 6. Be3 Nd7 7. c4 Qd6 8. Nc3 Ngf6 9. Be2 b6 10. O-O Bb7 11. Qc2 cxd4 12. Nxd4 Qc7 13. Rad1 Bd6 14. h3 Bf4 15. Ndb5 Bh2+ 16. Kh1 axb5 17. Nxb5 Qb8 18. f4 Bg3 19. Nd6+ Kf8 20. Nxb7 Qxb7 21. Bf3 Qb8 22.
Bxa8 Qxa8 23. Rf3 Bh4 24. Bd4 h5 25. Ra3 Qc6 26. Bxf6 gxf6 27. Ra7 Nc5 28. Rd8+ Kg7 29. Rxh8 Kxh8 30. Rxf7 Ne4 31. b4 Kg8 32. Ra7 Bg3 33. Kg1 Qd6 34. Qb1 Qd4+ 35. Kh1 Nf2+ 36. Kg1 Ne4+ 37. Kh1 Bxf4 38. c5 Ng3+ 39. Kh2 Ne2+ 40.
Kh1 Ng3+ 41. Kh2 Nf1+ 42. Kh1 Ng3+ 1/2-1/2

[Event "Early-Titled-Tuesday-Blitz-April-02-2024"]
[Site "Chess.com"]
[Date "2024.04.02"]
[Round "5"]
[White "tarno17"]
[Black "InitiatingASC"]
[Result "1/2-1/2"]
[WhiteElo "2151"]
[BlackElo "2340"]
[TimeControl "180+1"]
[EndTime "8:55:53 PDT"]
[Termination "Game drawn by stalemate"]

1. e4 c5 2. Nf3 Nc6 3. Bb5 Nf6 4. Bxc6 bxc6 5. d3 d6 6. O-O e5 7. h3 Be7 8. Nc3 O-O 9. Ne2 h6 10. Ng3 Re8 11. Nh2 Be6 12. f4 exf4 13. Bxf4 Qb6 14.
b3 c4+ 15. Kh1 cxd3 16. cxd3 a5 17. Nh5 Nxh5 18. Qxh5 Qd4 19. Rad1 a4 20. Nf3 Qf6 21. Be3 axb3 22. Ng5 Qxf1+ 23. Rxf1 hxg5 24. axb3 f6 25. Qg6 Bxb3 26. h4 Bf7 27. Qf5 gxh4 28. Qg4 Ra5 29.
Bh6 Bf8 30. Rxf6 Rh5 31. Rxf7 Rxh6 32. Rf4 d5 33. Qf3 dxe4 34. Rxe4 Rxe4 35. Qxe4 Rf6 36. Qc4+ Kh7 37. Kg1 Rh6 38. Qe4+ Kg8 39. Qc4+ Kh8 40.
Qf4 Bc5+ 41. Kf1 Rf6 42. Qxf6 gxf6 43. Ke2 Kg7 44. Kf3 Kg6 45. Kg4 Bf2 46. Kf3 Bg3 47.
Kg4 f5+ 48. Kh3 Kg5 49. d4 Kf4 50. d5 Kg5 51. d6 Bxd6 52. g3 hxg3 53. Kg2 f4 54.
Kh3 f3 1/2-1/2

[Event "Early-Titled-Tuesday-Blitz-April-02-2024"]
[Site "Chess.com"]
[Date "2024.04.02"]
[Round "5"]
[White "Bykov_Egor"]
[Black "Mr_ruthless"]
[Result "1-0"]
[WhiteElo "2657"]
[BlackElo "2504"]
[TimeControl "180+1"]
[EndTime "8:55:54 PDT"]
[Termination "Bykov_Egor won by resignation"]

1. d4 Nf6 2. c4 c5 3. d5 e6 4.
Nc3 exd5 5. cxd5 d6 6. Nf3 g6 7. Nd2 Bg7 8. e4 O-O 9. Be2 a6 10. a4 b6 11. O-O Nbd7 12. Nc4 Ne5 13. Nxe5 dxe5 14. Be3 Qc7 15. Qd2 Ne8 16. a5 b5 17.
Rac1 Nd6 18. f3 Bd7 19. Na2 c4 20. Bb6 Qb8 21. Nb4 Rc8 22. Rfd1 Bf6 23. Nc6 Bxc6 24.
dxc6 Rxc6 25. Qd5 Qb7 26. b3 c3 27. Bc5 Be7 28. Qxe5 Rd8 29. Rxc3 Rd7 30. Bxd6 Bxd6 31. Qd4 Rxc3 32. Qxc3 h5 33. Kf1 Qb8 34. Qd4 Qd8 35.
e5 1-0

[Event "Early-Titled-Tuesday-Blitz-April-02-2024"]
[Site "Chess.com"]
[Date "2024.04.02"]
[Round "5"]
[White "Aureliano-Buendia"]
[Black "albi1999"]
[Result "0-1"]
[WhiteElo "2478"]
[BlackElo "2614"]
[TimeControl "180+1"]
[EndTime "8:55:54 PDT"]
[Termination "albi1999 won by resignation"]

1. d4 Nf6 2. Nf3 e6 3. Bf4 c5 4. e3 cxd4 5. exd4 d6 6. Bd3 b6 7. O-O Bb7 8. Nbd2 Be7 9. c3 O-O 10. a4 a6 11. Qe2 Re8 12. Rfe1 Bf8 13. Nc4 Qc7 14. a5 b5 15. Nb6 Ra7 16. h3 Nd5 17.
Nxd5 Bxd5 18. Bxh7+ Kxh7 19. Ng5+ Kg6 20. Qg4 f5 21. Qh4 Nc6 22. Re3 e5 23. Bh2 Be7 24.
Rg3 f4 25. Rg4 Qc8 26. Qh7+ Kf6 27. Bxf4 Qf5 28. Ne4+ Bxe4 29. Qxg7+ Ke6 30. Bg3 Kd7 31. dxe5 dxe5 32. Re1 Bd5 33. Bh4 Kc8 34. Bxe7 Raxe7 35. Qg5 Qxg5 36. Rxg5 Rg8 37. Rxg8+ Bxg8 38. f3 Nxa5 39. Kf2 Nc4 40. g4 Nxb2 41. h4 Nd3+ 0-1

[Event "Early-Titled-Tuesday-Blitz-April-02-2024"]
[Site "Chess.com"]
[Date "2024.04.02"]
[Round "5"]
[White "atalz0"]
[Black "ninguno46"]
[Result "0-1"]
[WhiteElo "2377"]
[BlackElo "2580"]
[TimeControl "180+1"]
[EndTime "8:55:54 PDT"]
[Termination "ninguno46 won by resignation"]

1. d4 Nf6 2. c4 e6 3. Nc3 Bb4 4.
Qc2 Nc6 5. Nf3 d6 6. Bd2 O-O 7. a3 Bxc3 8. Bxc3 a5 9. e3 Qe7 10. Be2 e5 11. dxe5 dxe5 12. h3 g6 13. b3 Bf5 14. Qb2 Rfe8 15. O-O Ne4 16. Be1 Nc5 17.
Rd1 Ne4 18. Nd2 Ng5 19. f3 Nxh3+ 20. gxh3 Bxh3 21. Rf2 Qg5+ 22. Kh1 Bf5 23. Nf1 e4 24. f4 Qe7 25. Rh2 f6 26. Ng3 Be6 27. Bc3 Rf8 28. f5 Bxf5 29. Nxf5 gxf5 30. Rg1+ Kh8 31. Rh6 Ne5 32.
Rxf6 Rxf6 33. Bxe5 Rf8 34. Qd4 h6 35. Rg2 Kh7 36.
Bxf6 Rxf6 37. Kg1 Rd6 38. Qc5 Rd1+ 39. Bxd1 Qxc5 40. Kf2 Qxa3 41. Kf1 Qc5 42. Rg3 a4 43. bxa4 f4 44. Be2 fxg3 45. Kg2 Qxe3 0-1

[Event "Early-Titled-Tuesday-Blitz-April-02-2024"]
[Site "Chess.com"]
[Date "2024.04.02"]
[Round "5"]
[White "falzehope0"]
[Black "MikeWizard"]
[Result "1-0"]
[WhiteElo "2382"]
[BlackElo "2176"]
[TimeControl "180+1"]
[EndTime "8:55:54 PDT"]
[Termination "falzehope0 won by resignation"]

1. d4 Nf6 2. e3 g6 3. Bd3 Bg7 4. f4 d6 5. Nf3 Bg4 6. O-O Nbd7 7.
Nbd2 O-O 8. Qe1 c5 9. c3 Qc7 10. Qh4 e5 11. fxe5 dxe5 12. h3 Bxf3 13. Nxf3 cxd4 14. cxd4 exd4 15. exd4 Rae8 16. Bd2 Qb6 17. a3 Nd5 18. Ng5 Qxd4+ 19. Qxd4 Bxd4+ 20. Kh1 b6 21. Rab1 Be3 22. Bc1 Bxc1 23. Rbxc1 Rc8 24. Nf3 Ne3 25. Rfe1 Rxc1 26. Rxc1 Nc5 27. Bb1 Rd8 28.
Kh2 Rd1 29. Rxd1 Nxd1 30. b4 Ne6 31. Ne5 Nc3 32. Bc2 Nd4 33. Bd3 f6 34. Bc4+ Kg7 35.
Nd3 Ndb5 36. a4 Nd6 37. Bb3 Kf8 38. Kg3 Ke7 39. Kf3 Kd7 40. g4 Kc6 41. Ke3 a6 42. Kd4 b5 43. Kxc3 bxa4 44. Bxa4+ Kd5 45. Bb3+ Ke4 46.
Bg8 h5 47. Nc5+ Kf3 48. gxh5 gxh5 49. Be6 Nb5+ 50. Kd3 Nc7 51. Bc8 Kg3 52. Kd4 h4 53. Ne4+ Kf4 54. Nxf6 Nb5+ 55. Kc5 Nc7 56. Nd5+ Nxd5 57.
Kxd5 Ke3 58. Bxa6 1-0

[Event "Early-Titled-Tuesday-Blitz-April-02-2024"]
[Site "Chess.com"]
[Date "2024.04.02"]
[Round "5"]
[White "GrotBchess"]
[Black "ReadySkate"]
[Result "0-1"]
[WhiteElo "2451"]
[BlackElo "2606"]
[TimeControl "180+1"]
[EndTime "8:55:55 PDT"]
[Termination "ReadySkate won by resignation"]

1. e4 c5 2. Nf3 e6 3. d4 cxd4 4.
Nxd4 Nf6 5. Nc3 Nc6 6. Ndb5 Bc5 7. Bf4 O-O 8. Bc7 Qe7 9. Bd6 Bxd6 10. Qxd6 Qd8 11.
O-O-O a6 12. Nd4 Na5 13. g4 b5 14. g5 Ne8 15. Qg3 b4 16. Nce2 Bb7 17. Bg2 Nc4 18. f4 Qa5 19. Kb1 Rc8 20. Nb3 Qb6 21.
Rxd7 Bc6 22. Rd3 a5 23. Ned4 a4 24. Nxc6 Qxc6 25. Nd4 Qc5 26. Rc1 Ned6 27. e5 Nf5 28.
Nxf5 exf5 29. Bd5 Nb6 30. Qf3 Rfd8 31. Bb7 Rxd3 32. Qxd3 Rb8 33. Bf3 Nc4 34. Rd1 g6 35. Bd5 Ne3 36. Rd2 Kg7 37. Bf3 Nc4 38. Rd1 Rc8 39. Qd4 Ne3 40. Qxc5 Rxc5 41. Rd2 a3 42. b3 Rc3 43. Rf2 Nxc2 44. Rxc2 Rxf3 45. Rc4 Rf1+ 46. Kc2 Rf2+ 47. Kb1 Rb2+ 48. Kc1 Rxa2 49. Rxb4 Rxh2 50. Ra4 a2 51. b4 Kf8 52. Ra7 Ke8 53. b5 Kd8 54. b6 Kc8 55. Rc7+ Kb8 56. Ra7 Rg2 57. Ra5 Kb7 58. Ra7+ Kxb6 59. Ra3 Kb5 0-1

[Event "Early-Titled-Tuesday-Blitz-April-02-2024"]
[Site "Chess.com"]
[Date "2024.04.02"]
[Round "5"]
[White "Licancabur"]
[Black "wadsy27"]
[Result "0-1"]
[WhiteElo "2490"]
[BlackElo "2617"]
[TimeControl "180+1"]
[EndTime "8:55:56 PDT"]
[Termination "wadsy27 won on time"]

1. d4 Nf6 2. Bg5 g6 3. Bxf6 exf6 4. e3 d5 5. g3 Bg7 6. Bg2 c6 7. Ne2 O-O 8. Nd2 a5 9. c4 dxc4 10. Nxc4 b5 11. Nd2 a4 12. O-O Be6 13. a3 f5 14.
Nf4 Re8 15. Rc1 Ra6 16. Nxe6 Rxe6 17. Nf3 Nd7 18. Qc2 h6 19. Rfd1 Nb6 20. Ne5 Nd5 21. Nd3 Rb6 22. Bxd5 cxd5 23. Qc8 Qxc8 24. Rxc8+ Bf8 25.
Rdc1 Kg7 26. Rd8 Red6 27. Rdc8 Re6 28. Kf1 b4 29. axb4 Bxb4 30. R1c7 Bd6 31. Ra7 h5 32. Rxa4 h4 33. gxh4 Bxh2 34. Ra7 Rb3 35. Ke2 f4 36. Rd8 fxe3 37. fxe3 Bg1 38. Nc5 Rexe3+ 39. Kf1 Rxb2 40. Ra1 Bh2 41. Rd7 Rg3 0-1

[Event "Early-Titled-Tuesday-Blitz-April-02-2024"]
[Site "Chess.com"]
[Date "2024.04.02"]
[Round "5"]
[White "KacperKacprzak"]
[Black "SharapovEvgeny"]
[Result "1-0"]
[WhiteElo "2707"]
[BlackElo "2552"]
[TimeControl "180+1"]
[EndTime "8:55:57 PDT"]
[Termination "KacperKacprzak won by resignation"]

1. e4 c5 2. Nf3 d6 3. d4 cxd4 4. Nxd4 Nf6 5. Nc3 Nc6 6. Bg5 e6 7. Qd2 Be7 8. O-O-O O-O 9. f3 Nxd4 10. Qxd4 Qa5 11.
h4 Rd8 12. Kb1 Bd7 13. g4 Bc6 14. Qd2 Kf8 15. Bd3 b5 16. h5 b4 17. Ne2 h6 18.
Be3 d5 19. e5 Ne4 20. Qe1 Nc5 21. Nd4 Rac8 22. f4 Na4 23. f5 Nc3+ 24. bxc3 bxc3 25. Nb3 Qb4 26. Ka1 d4 27. Bf4 Bd5 28. Rb1 a5 29. f6 gxf6 30. exf6 Bxf6 31. Bxh6+ Ke7 32. Rf1 a4 33.
Rxf6 axb3 34. cxb3 Ra8 35. Rf2 Rd7 36. Bg5+ Ke8 37.
Qe2 Rda7 38. h6 Kd7 39. h7 Kc6 40. Bf6 Kb6 41. h8=Q Rxh8 42. Bxh8 Kc6 43. Be4 d3 44. Bxd5+ exd5 45. Qxd3 d4 46. Qxd4 Qxd4 47. Bxd4 Rd7 48. Bxc3 Rd3 49. Bb2 1-0

[Event "Early-Titled-Tuesday-Blitz-April-02-2024"]
[Site "Chess.com"]
[Date "2024.04.02"]
[Round "5"]
[White "RantomOpening"]
[Black "EvgenyBurmakin"]
[Result "1-0"]
[WhiteElo "2571"]
[BlackElo "2363"]
[TimeControl "180+1"]
[EndTime "8:55:57 PDT"]
[Termination "RantomOpening won on time"]

1. c4 Nf6 2. Nf3 g6 3. Nc3 Bg7 4. e4 d6 5. d4 O-O 6. Be2 e5 7.
Bg5 h6 8. Bh4 Nc6 9. d5 Ne7 10.
O-O g5 11. Bg3 Ng6 12. c5 Nh5 13. cxd6 cxd6 14. Rc1 Nhf4 15. Qc2 a6 16. Bd1 f5 17. exf5 Bxf5 18. Qb3 h5 19. Bc2 h4 20. Bxf4 exf4 21.
Bxf5 Rxf5 22. Qc2 Qf8 23. h3 Rc8 24. Nh2 Ne5 25. Ng4 f3 26. Nxe5 fxg2 27. Kxg2 Bxe5 28. Qe4 Qf6 29. Qg4 Rf8 30. Ne4 Qg7 31. f3 Bxb2 32. Rb1 b5 33. Rbd1 Be5 34. Rd3 R8f7 35. Rc1 Kh7 36. Rc8 Qg6 37. Re8 Rf4 38. Qc8 Rxe4 39. Rd8 1-0

[Event "Early-Titled-Tuesday-Blitz-April-02-2024"]
[Site "Chess.com"]
[Date "2024.04.02"]
[Round "5"]
[White "Zavgorodniy_Sergiy"]
[Black "santosalberto1987"]
[Result "1-0"]
[WhiteElo "2649"]
[BlackElo "2502"]
[TimeControl "180+1"]
[EndTime "8:55:58 PDT"]
[Termination "Zavgorodniy_Sergiy won by resignation"]

1. d4 Nf6 2. c4 d6 3. Nc3 e5 4. Nf3 e4 5. Nd2 Qe7 6. e3 g6 7.
Be2 Bg7 8. O-O O-O 9. b4 Bf5 10. Bb2 h5 11. Qc2 Re8 12. Rfc1 Nbd7 13. Qd1 Nf8 14.
a4 N8h7 15. a5 a6 16. b5 Ng4 17. h3 Qh4 18. hxg4 hxg4 19. Nf1 Ng5 20. Ng3 Kh7 21. Nd5 Rac8 22. Nf4 Rh8 23. Kf1 Kg8 24. Ke1 Qh2 25. Kd2 Nf3+ 26. Kc2 axb5 27. cxb5 c6 28. b6 c5 29. Kb3 g5 30. Nd5 Be6 31. Bc4 Bxd5 32. Bxd5 Qxg2 33. Nxe4 Re8 34. Nxd6 Rd8 35. Bxf7+ Kf8 36.
dxc5 Qxf2 37. Bxg7+ Kxg7 38. Qd3 Ne5 39. Qd4 Qf6 40.
Rf1 Qe7 41. Rf5 g3 42. Rxe5 Qf6 43. Rg1 Rh3 44. Rxg5+ Kf8 45. Qxf6 1-0

[Event "Early-Titled-Tuesday-Blitz-April-02-2024"]
[Site "Chess.com"]
[Date "2024.04.02"]
[Round "5"]
[White "kritipatel"]
[Black "secrethawk1"]
[Result "0-1"]
[WhiteElo "2253"]
[BlackElo "2417"]
[TimeControl "180+1"]
[EndTime "8:55:59 PDT"]
[Termination "secrethawk1 won by checkmate"]

1. e4 e6 2. d4 d5 3. Nc3 dxe4 4.
Nxe4 Nf6 5. Nxf6+ Qxf6 6. Nf3 h6 7. Bd3 Bd6 8. O-O O-O 9. c3 c5 10. Bc2 Nc6 11. Qd3 Qf5 12. Qxf5 exf5 13. d5 Ne7 14. c4 Bd7 15. b3 Rfe8 16. Bb2 Ng6 17. Rae1 Nf4 18. Be5 Bxe5 19. Nxe5 Red8 20. Nxd7 Rxd7 21.
Bxf5 Rdd8 22. Re7 b5 23. Rd1 Kf8 24. Rc7 g6 25. Be4 bxc4 26. bxc4 Rac8 27. Rxa7 Rd6 28.
g3 Ne2+ 29. Kg2 Nc3 30. Re1 Re8 31. f3 f5 32. Ra3 Nxe4 33. fxe4 fxe4 34. Rae3 Ra6 35.
R1e2 Ra4 36. Rxe4 Rxe4 37. Rxe4 Rxa2+ 38. Kh3 Rd2 39. Re6 Rd4 40. Rxg6 Rxc4 41. Rxh6 Rd4 42.
Rd6 Ke7 43. Re6+ Kf7 44. Re5 Kf6 45. Rh5 c4 46. d6 Rxd6 47. Rc5 Rd4 48. g4 Rd3+ 49.
Kh4 c3 50. Kh5 Rh3# 0-1

[Event "Early-Titled-Tuesday-Blitz-April-02-2024"]
[Site "Chess.com"]
[Date "2024.04.02"]
[Round "5"]
[White "abelmat"]
[Black "diamonds13"]
[Result "0-1"]
[WhiteElo "2127"]
[BlackElo "2368"]
[TimeControl "180+1"]
[EndTime "8:56:00 PDT"]
[Termination "diamonds13 won on time"]

1. d4 Nf6 2. c4 e6 3. Nf3 c5 4.
Nc3 cxd4 5. Nxd4 Bb4 6. Qb3 a5 7. a3 Bxc3+ 8. Qxc3 O-O 9. Bg5 h6 10. Bh4 Nc6 11. e3 a4 12. Nxc6 bxc6 13. Bd3 d5 14. O-O Ba6 15. Rfd1 Rb8 16. Qc2 Qb6 17. Rab1 Qb3 18.
Qxb3 axb3 19. Rbc1 dxc4 20. Bxc4 Bxc4 21. Rxc4 Nd5 22.
Rxc6 Rfc8 23. Rdc1 Rxc6 24. Rxc6 g5 25. Bg3 Rb7 26. h3 Nb6 27. Be5 Kh7 28. g3 Kg6 29. Kg2 Nd7 30. Bc3 Rb6 31. Rc7 Nf6 32. Bxf6 Kxf6 33.
Rc3 Ke5 34. f3 f5 35. Kf2 h5 36. Ke2 f4 37. gxf4+ gxf4 38. e4 Kd4 39. Rc8 e5 40.
Rd8+ Kc4 41. Rd5 Rg6 42. Rxe5 Rg3 43. Kf2 Rxh3 0-1

[Event "Early-Titled-Tuesday-Blitz-April-02-2024"]
[Site "Chess.com"]
[Date "2024.04.02"]
[Round "5"]
[White "Alexchess1984"]
[Black "Tonychess32"]
[Result "0-1"]
[WhiteElo "2743"]
[BlackElo "2542"]
[TimeControl "180+1"]
[EndTime "8:56:02 PDT"]
[Termination "Tonychess32 won by resignation"]

1. e4 e6 2. d4 d5 3. e5 c5 4. c3 Nc6 5. Nf3 cxd4 6. cxd4 Nge7 7. Na3 Nf5 8. Nc2 Be7 9. Bd3 O-O 10. O-O f6 11.
Bxf5 exf5 12. Bf4 fxe5 13. dxe5 g5 14. Bc1 g4 15. Nfd4 Nxe5 16. Re1 Bf6 17. Bh6 Re8 18. Ne3 Bg5 19. Nexf5 Qf6 20. Bxg5 Qxg5 21. Ng3 Bd7 22. Qb3 Bc6 23. Qc3 Rac8 24. Nxc6 bxc6 25. Re3 Nc4 26.
Rxe8+ Rxe8 27. Nf1 Qe5 28. Qxe5 Nxe5 29. Rc1 Kf7 30. Ne3 Ke6 31. Rd1 Rb8 32. b3 a5 33.
Nc2 c5 34. Re1 d4 35. f4 gxf3 36. gxf3 Kd5 37. Kf1 Rf8 38. Na3 Rxf3+ 39. Ke2 Re3+ 40. Kd2 Rxe1 41. Kxe1 Nf3+ 42. Ke2 Nxh2 43. Kd3 Nf3 44. Nc4 Ne5+ 45. Nxe5 Kxe5 46. Kc4 Ke4 47. a4 d3 48. Kc3 Ke3 49. b4 cxb4+ 50. Kb3 d2 51. Ka2 d1=Q 52. Kb2 Qxa4 53. Kb1 Qb3+ 54. Ka1 Qd3 55. Kb2 h5 0-1